 Dungeon Crawl Stone Soup version 0.17-a0-1591-g7a45446 (webtiles) character file.

218 zeke the Covered (level 5, -1/47 HPs)
             Began as a Minotaur Fighter on July 30, 2015.
             Slain by a killer bee (6 damage)
             ... on level 4 of the Dungeon.
             The game lasted 00:06:42 (1781 turns).

zeke the Covered (Minotaur Fighter)                 Turns: 1781, Time: 00:06:42

Health: -1/47      AC:  7    Str: 26    XL:     5   Next: 63%
Magic:  4/4        EV:  8    Int:  5    God:
Gold:   84         SH: 10    Dex: 10    Spells: 0 memorised, 4 levels left

rFire  . . .     SeeInvis +     a - +0 war axe
rCold  . . .     Clarity  .     b - +0 scale mail
rNeg   . . .     SustAt   .     c - +0 shield
rPois  .         Gourm    .     (helmet restricted)
rElec  .         Spirit   .     (no cloak)
rCorr  .         Warding  .     (no gloves)
rMut   .         Stasis   .     (no boots)
MR     .....                    k - amulet of regeneration
Stlth  ..........               (no ring)
                                l - ring of see invisible

@: mighty, lethally poisoned (-1 -> -5), not resistant to hostile enchantments,
extremely unstealthy
A: retaliatory headbutt, horns 2
a: no special abilities


You were on level 4 of the Dungeon.
You were not hungry.

You visited 1 branch of the dungeon, and saw 4 of its levels.

You collected 84 gold pieces.

Inventory:

Hand weapons
 a - a +0 war axe (weapon)
Armour
 b - a +0 scale mail (worn)
 c - a +0 shield (worn)
Jewellery
 k - an amulet of regeneration (around neck)
 l - a ring of see invisible (left hand)
Scrolls
 g - 2 scrolls of identify
 m - a scroll of fear {unknown}
 o - a scroll of remove curse
Potions
 f - 2 potions of flight
 h - 2 potions of haste {unknown}
 i - a potion of heal wounds {unknown}
 j - a potion of lignification {unknown}
 p - 2 potions of agility {unknown}
 q - 2 potions of beneficial mutation {unknown}
 r - a potion of curing {unknown}
Comestibles
 e - 2 bread rations
 n - 2 meat rations


   Skills:
 + Level 4.6 Fighting
 + Level 3.9 Axes
 + Level 5.0 Armour
 + Level 2.0 Dodging
 + Level 0.1 Stealth
 + Level 4.6 Shields


You had 4 spell levels left.
You didn't know any spells.

Dungeon Overview and Level Annotations

Branches:
Dungeon (4/15)
 Temple: D:4-7

Altars:
Nemelex Xobeh
Qazlal
Trog
Xom
The Shining One


Innate Abilities, Weirdness & Mutations

You reflexively headbutt those who attack you in melee.
You have a pair of horns on your head.


Message History

You feel sick. The killer bee closely misses you. You furiously retaliate!
You headbutt the killer bee!!
You kill the killer bee!
You have reached level 5!
The killer bee barely misses you. You furiously retaliate!
You headbutt the killer bee!!
You kill the killer bee!
Your Armour skill increases to level 5!
Your Dodging skill increases to level 2!
You miss the killer bee.
You feel sick. The killer bee stings you.
* * * LOW HITPOINT WARNING * * *
You are more poisoned.
The killer bee poisons you! The killer bee barely misses you.
You furiously retaliate!
You headbutt the killer bee! The killer bee closely misses you.
You hit the killer bee. Your headbutt misses the killer bee.
The killer bee is severely wounded.
* * * LOW HITPOINT WARNING * * *
You feel sick. You block the killer bee's attack. The killer bee stings you.
You die...

.#....'.÷....# y##
.#....#..)...# ...
.#....#......# ....
.#....#......#+## ..y#
.'....+......#..##...##
.###..#......#.........
...#..#...(..#.y.......
...#.†+......##y###
...#..#.........@.#
#.....
...#..#...........#
#.....
...'..#...........+
.<...
...#+##...........#
....
..........#+###.......
#.. ..†.....(.#
#....<... +..
..........+ +.........
#.. <..(......#
#.........##+####..
##+##....##
#........###+


You could see 2 killer bees.

Vanquished Creatures
  2 killer bees (D:4)
  4 adders
  3 gnolls (D:3)
  5 giant geckos
  5 bats
  8 goblins
  7 hobgoblins
  9 jackals
  3 kobolds
  2 quokkas (D:4)
  2 giant cockroaches
  A giant gecko zombie (D:3)
  5 giant newts
  7 rats
63 creatures vanquished.

Notes
Turn   | Place    | Note
--------------------------------------------------------------
     0 | D:1      | zeke the Minotaur Fighter began the quest for the Orb.
     0 | D:1      | Reached XP level 1. HP: 19/19 MP: 0/0
   214 | D:1      | Reached XP level 2. HP: 27/27 MP: 1/1
   516 | D:2      | Reached skill level 4 in Shields
   533 | D:2      | Found a faded altar to an unknown god.
   610 | D:2      | Reached XP level 3. HP: 33/33 MP: 2/2
   682 | D:2      | Found a stormy altar of Qazlal.
   959 | D:3      | Reached skill level 1 in Dodging
   959 | D:3      | Reached XP level 4. HP: 32/40 MP: 3/3
  1100 | D:3      | Found a bloodstained altar of Trog.
  1149 | D:3      | Found a glowing golden altar of the Shining One.
  1252 | D:3      | Found a shimmering altar of Xom.
  1494 | D:4      | Found a sparkling altar of Nemelex Xobeh.
  1779 | D:4      | Reached XP level 5. HP: 12/47 MP: 4/4
  1779 | D:4      | Reached skill level 5 in Armour
  1781 | D:4      | Slain by a killer bee

Vault maps used:
D:1:      sevenhm_arrival_forest_fort_large_2
D:2:      ecumenical_altar_1, nicolae_qazlal_general_emergency
D:3:      bloody_trog, old_standard_altar, lemuel_coloured_pillars_altar
D:4:      hangedman_decor_growths, nemelex_spade_bored_becter

Action                   |  1- 3 |  4- 6 || total
-------------------------+-------+-------++-------
Melee: War axe           |    39 |    85 ||   124
       Hand axe          |     9 |       ||     9
  Use: Scroll            |     2 |     2 ||     4
       Potion            |       |     1 ||     1
  Eat: Chunk             |       |     3 ||     3
